 Dungeon Crawl Stone Soup version 0.31-a0-358-gac0dbeb3ab (webtiles) character file.

Game seed: 15497030918658355490

30979 vineage the Basher (level 13, -6/87 HPs)
             Began as a Gargoyle Fighter on July 25, 2023.
             Was a High Priest of Okawaru.
             Mangled by a death yak (14 damage)
             ... on level 11 of the Dungeon.
             The game lasted 00:17:15 (17058 turns).

vineage the Basher (Gargoyle Fighter)              Turns: 17058, Time: 00:17:16

Health: -6/87      AC: 31    Str: 35    XL:     13   Next: 55%
Magic:  13/15      EV: 11    Int: 14    God:    Okawaru [*****.]
Gold:   950        SH:  8    Dex:  7    Spells: 12/12 levels left

rFire   + + .        E - +5 eveningstar (flame)
rCold   x . .        c - +1 buckler
rNeg    + . .        p - +0 fire dragon scales
rPois   ∞            N - +0 helmet
rElec   +            q - +0 cloak
rCorr   .            z - +0 pair of gloves
SInv    .            A - +1 pair of boots {rampage}
Will    ++...        (no amulet)
Stlth   +            v - +6 ring of strength
HPRegen 0.34/turn    d - ring "Reebliot" {Fly Will+ Str+3}
MPRegen 0.14/turn

%: rampage
@: mighty, heroic, flying, unable to read
A: sickness immunity, AC +9, negative energy resistance 1, electricity
resistance, torment resistance 1, petrification resistance, clever 1,
strong-willed 1, strong 1, inability to read after injury 1
a: Renounce Religion, Heroism, Finesse, Duel


You were on level 11 of the Dungeon.
You worshipped Okawaru.
Okawaru was extremely pleased with you.
You visited 3 branches of the dungeon, and saw 16 of its levels.
You also visited: Ossuary, Bailey and Gauntlet.

You collected 950 gold pieces.

Inventory:

Hand Weapons
 a - a +1 flail of venom
 E - a +5 eveningstar of flaming (weapon)
Armour
 c - a +1 buckler (worn)
 p - +0 fire dragon scales (worn)
 q - a +0 cloak (worn)
 y - the +4 ring mail of Hockyxt {Int+3}
   (You found it on level 6 of the Dungeon)

   Int:       It affects your intelligence (+3).
 z - a +0 pair of gloves (worn)
 A - a +1 pair of boots of rampaging (worn)
 M - a +1 plate armour of cold resistance
 N - a +0 helmet (worn)
Jewellery
 d - the ring "Reebliot" (right hand) {Fly Will+ Str+3}
   (You acquired it on level 10 of the Dungeon)

   [ring of flight]

   Str:       It affects your strength (+3).
   Fly:       It grants you flight.
   Will:      It increases your willpower.
 v - a +6 ring of strength (left hand)
 x - a ring of protection from fire
 C - a ring of resist corrosion
 H - the ring "Kaylot" {rElec rPois Will+ Int+6}
   (You found it in a Gauntlet)

   [ring of intelligence]

   Int:       It affects your intelligence (+6).
   rElec:     It insulates you from electricity.
   rPois:     It protects you from poison.
   Will:      It increases your willpower.
 I - a +4 ring of protection
 L - a +6 ring of strength
Wands
 G - a wand of mindburst (6)
 J - a wand of polymorph (7)
 K - a wand of flame (12)
Scrolls
 b - 3 scrolls of enchant armour
 i - 3 scrolls of teleportation
 l - 3 scrolls of amnesia
 t - 3 scrolls of fog
 u - a scroll of fear
 w - 2 scrolls of identify
 B - a scroll of revelation
 D - a scroll of poison
Potions
 e - 2 potions of invisibility
 f - 3 potions of magic
 g - 3 potions of brilliance
 h - 2 potions of enlightenment
 j - 2 potions of haste {unknown}
 k - 2 potions of resistance {unknown}
 m - 2 potions of lignification {unknown}
 n - 2 potions of cancellation
 o - 12 potions of curing
 r - a potion of might
 s - 4 potions of mutation
 F - a potion of ambrosia {unknown}


   Skills:
 + Level 12.5(17.5) Fighting
 * Level 14.3(19.3) Maces & Flails
 + Level 11.3(16.3) Armour
 + Level 11.3(16.3) Shields
 - Level 2.9 Invocations


You had 12 spell levels left.
You didn't know any spells.
Your spell library contained the following spells:

 Spells                   Type           Power      Damage    Failure   Level
 Ensorcelled Hibernation  Hex/Ice        0%         N/A       61%         2
 Passwall                 Tmut/Erth      0%         N/A       61%         2
 Wereblood                Tmut           0%         N/A       61%         2
 Hailstorm                Conj/Ice       0%         3d3       83%         3
 Ignite Poison            Fire/Tmut/Pois 0%         N/A       83%         3
 Portal Projectile        Hex/Tloc       0%         N/A       83%         3
 Swiftness                Air            0%         N/A       83%         3
 Vhi's Electric Charge    Tloc/Air       0%         N/A       83%         3
 Volatile Blastmotes      Fire/Tloc      0%         2d10      83%         3
 Dispel Undead            Necr           0%         3d6       99%         4
 Fulminant Prism          Conj/Hex       0%         3d5       99%         4
 Iskenderun's Mystic Bla  Conj/Tloc      0%         2d3       99%         4
 Sticky Flame             Conj/Fire      0%         2d3       99%         4
 Alistair's Intoxication  Tmut/Pois      0%         N/A       100%        5
 Arcjolt                  Conj/Air       0%         1d10      100%        5
 Borgnjor's Vile Clutch   Necr/Erth      0%         N/A       100%        5
 Eringya's Noxious Bog    Tmut/Pois      0%         4d6       100%        6
 Ignition                 Fire           0%         3d3       100%        8
 Maxwell's Capacitive Co  Air            0%         ∞         100%        8
 Cigotuvi's Dreadful Rot  Necr/Pois/Air  Unusable   N/A       N/A         2
 Sublimation of Blood     Necr           Unusable   N/A       N/A         2
 Tukima's Dance           Hex            Unusable   N/A       N/A         3
 Summon Ice Beast         Ice/Summ       Unusable   N/A       N/A         4
 Death Channel            Necr           Unusable   N/A       N/A         6
 Simulacrum               Ice/Necr       Unusable   N/A       N/A         6
 Summon Hydra             Summ           Unusable   N/A       N/A         7

Dungeon Overview and Level Annotations

Branches:
Dungeon (14/15)            Temple (1/1) D:6            Lair (1/5) D:11
    Orc (0/2) D:11        Ossuary (visited)          Bailey (visited)
Gauntlet (visited)
 Vaults: D:13-14

Altars:
Ashenzari
Cheibriados
Dithmenos
Elyvilon
Fedhas
Gozag
Hepliaklqana
Kikubaaqudgha
Makhleb
Nemelex Xobeh
Okawaru
Qazlal
Ru
Sif Muna
Trog
Uskayaw
Vehumet
Wu Jian
Xom
Yredelemnul
Zin
The Shining One

Shops:
D:1 !   D:3 :   D:6 [


Innate Abilities, Weirdness & Mutations

You are immune to sickness and miasma.
Your stone body is resilient. (AC +9)
You are immune to poison.
You resist negative energy. (rN+)
You are resistant to electric shocks. (rElec)
You are resistant to unholy torment.
You are immune to petrification.
Your mind is acute. (Int +4, Str/Dex -1)
You are strong-willed. (Will+)
Your muscles are strong. (Str +4, Int/Dex -1)
You occasionally lose the ability to read scrolls when taking damage.


Message History

You sock the death yak! You burn the death yak.
You kill the death yak!
Okawaru accepts your kill.
No target in view!
No target in view!
No target in view!
No target in view!
No target in view!
No target in view!
No target in view!
No target in view!
No target in view!
No target in view!
You fly downwards.
Welcome back to the Lair of Beasts!
The yak bellows!
You hear a bellow!
You hear a shout!
You hear a bellow!
The death yak gores you!
The death yak gores you but does no damage.
The death yak gores you! The death yak gores you.
The death yak gores you but does no damage.
A yak comes into view.
There is a staircase back to the Dungeon here.
The death yak gores you but does no damage. x2
The death yak gores you!
You feel threatened and lose the ability to read scrolls!
The death yak gores you but does no damage.
You fly upwards.
Welcome back to the Dungeon!
There is a staircase to the Lair here.
Okay, then.
Okay, then.
You cannot read scrolls in your current state!
You feel very mighty all of a sudden.
The death yak gores you but does no damage. x3
You gain the combat prowess of a mighty hero.
The death yak gores you! The death yak gores you.
* * * LOW HITPOINT WARNING * * *
The death yak gores you but does no damage.
You barely miss the death yak. The death yak gores you!
* * * LOW HITPOINT WARNING * * *
The death yak gores you!
You die...

#.# #............#.# #.#.#
..# ####).##.......## ##.#.#
#.# #)...........## ###/...#
#.# #.............# #...#..#
#.# #.............###.#....#
#.#####
#..P...........##>####.#
......####.....####.....##)#
#.#
...............#YYY.....##.#
#.#
#.###.####.P...#@Y#..[.....#
#.# #.# #.#
#..P..####.....#### #.# #.#
#.# #...P...^......# #.# #.#
#.## ##............## ##.#
..# #..# #............# #...
..# ##.# ##..........## #.##
))# #.# ###......### #...
))# #.# ###..### #..# ..#
#.# ##.# #..#


You could see 4 death yaks.

Vanquished Creatures
  A minotaur (Gauntlet)
  Snorg (D:13)
  The ghost of Flugkiller the Mimic, a journeyman DrSh of Wu Jian (D:10)
  A great orb of eyes (D:14)
  3 centaur warriors
  A tengu warrior (D:14)
  4 two-headed ogres
  A death yak (D:11)
  3 skeletal warriors (D:11)
  An orc knight (Bailey)
  2 ugly things (D:13)
  A deep elf pyromancer (D:12)
  An orc sorcerer (Bailey)
  4 cyclopes
  A shining eye (Gauntlet)
  A manticore (D:14)
  2 gargoyles
  A kobold demonologist (Bailey)
  2 freezing wraiths (D:14)
  A komodo dragon (D:12)
  2 efreet
  6 trolls
  Grinder (D:5)
  A hornet (D:9)
  3 slime creatures (D:12)
  29 yaks
  2 fire elementals (Gauntlet)
  A basilisk (D:14)
  2 wyverns (D:11)
  2 golden eyes (Gauntlet)
  4 wraiths
  2 steam dragons
  6 vampire mosquitoes
  An acid dragon (D:10)
  3 hell hounds (Gauntlet)
  3 water moccasins
  16 orc warriors
  An ice beast (D:3)
  A sky beast (D:6)
  4 black bears
  An ogre (D:4)
  8 centaurs
  A phantom (D:6)
  4 small abominations (Gauntlet)
  3 kobold brigands
  5 bullfrogs
  A gnoll sergeant (D:11)
  2 scorpions
  2 water moccasin zombies (Ossuary)
  5 killer bees (D:9)
  5 howler monkeys
  4 electric eels (Bailey)
  6 hounds
  5 jellies
  A gnoll bouda (D:8)
  6 orc priests
  2 sleepcaps (D:5)
  Terence (D:3)
  An iguana (D:6)
  9 orc wizards
  2 mummies (Ossuary)
  Robin (D:4)
  10 gnolls
  5 adders
  A shadow imp (D:8)
  2 white imps (D:7)
  An ufetubus (D:6)
  7 adder zombies (Ossuary)
  A worm (D:2)
  5 dart slugs
  30 orcs
  3 bats
  4 endoplasms
  5 giant cockroaches
  5 gnoll zombies (Ossuary)
  16 goblins
  19 hobgoblins
  2 quokkas (D:3)
  6 ball pythons
  4 frilled lizards
  5 hobgoblin zombies (Ossuary)
  33 kobolds
  A kobold zombie (Ossuary)
  7 orc zombies (Ossuary)
  6 rats
  A spectral kobold (D:11)
377 creatures vanquished.

Vanquished Creatures (others)
  An orc wizard (D:8)
1 creature vanquished.

Grand Total: 378 creatures vanquished

Notes
Turn   | Place    | Note
-------+----------+-------------------------------------------
     0 | D:1      | vineage the Gargoyle Fighter began the quest for the Orb.
     0 | D:1      | Reached XP level 1. HP: 14/14 MP: 1/1
   133 | D:1      | Reached XP level 2. HP: 19/19 MP: 2/2
   345 | D:1      | Reached XP level 3. HP: 6/24 MP: 3/3
   455 | D:1      | Found Etiegoxtua's Distillery.
   730 | D:2      | Reached skill level 3 in Maces & Flails
  1280 | D:3      | Reached XP level 4. HP: 30/30 MP: 4/4
  1284 | D:3      | Noticed Terence
  1287 | D:3      | Noticed a scorpion
  1294 | D:3      | Killed Terence
  1299 | D:3      | Killed a scorpion
  1300 | D:3      | Reached skill level 5 in Fighting
  1300 | D:3      | Reached XP level 5. HP: 14/35 MP: 5/5
  1413 | D:3      | Reached skill level 4 in Maces & Flails
  1700 | D:3      | Found a faded altar of an unknown god.
  1765 | D:3      | Found Teec's Book Shoppe.
  1857 | D:3      | Noticed an ice beast
  1883 | D:3      | Killed an ice beast
  1884 | D:3      | Reached XP level 6. HP: 29/41 MP: 6/6
  2201 | D:4      | Noticed Robin
  2222 | D:4      | Killed Robin
  2405 | D:4      | Reached skill level 5 in Maces & Flails
  2563 | D:4      | Reached XP level 7. HP: 39/47 MP: 7/7
  2695 | D:4      | Found a sand-covered staircase.
  2704 | Ossuary  | Entered an ossuary
  3403 | D:5      | Entered Level 5 of the Dungeon
  3513 | D:5      | Reached XP level 8. HP: 38/52 MP: 8/8
  3520 | D:5      | Reached skill level 6 in Maces & Flails
  3630 | D:5      | Noticed Grinder
  3644 | D:5      | Killed Grinder
  3913 | D:5      | Reached skill level 5 in Armour
  3913 | D:5      | Reached skill level 5 in Shields
  5329 | D:6      | Found Weju's Antique Armour Shop.
  5339 | D:6      | Found a staircase to the Ecumenical Temple.
  5451 | Temple   | Entered the Ecumenical Temple
  5484 | Temple   | Became a worshipper of Warmaster Okawaru
  5543 | D:6      | Reached skill level 7 in Maces & Flails
  5562 | D:6      | Reached XP level 9. HP: 57/59 MP: 9/9
  5654 | D:6      | Identified the +4 ring mail of Hockyxt {Int+3}
  6585 | D:7      | Reached * piety under Okawaru
  6766 | D:7      | Reached skill level 8 in Maces & Flails
  7386 | D:8      | Gained mutation: You have an increased reservoir of magic.
                  | (+10% MP) [potion of mutation]
  7518 | D:8      | Found an ornate altar of the Wu Jian Council.
  7927 | D:8      | Reached XP level 10. HP: 51/65 MP: 11/11
  8495 | D:9      | Noticed a two-headed ogre
  8508 | D:9      | Killed a two-headed ogre
  8508 | D:9      | Reached ** piety under Okawaru
  8509 | D:9      | Reached skill level 9 in Maces & Flails
  8574 | D:9      | Found a flagged portal.
  8593 | Bailey   | Entered a bailey
  8745 | Bailey   | Noticed an orc knight
  8770 | Bailey   | Killed an orc knight
  9060 | Bailey   | Found an iron altar of Okawaru.
  9060 | Bailey   | Noticed a kobold demonologist
  9060 | Bailey   | Noticed an orc sorcerer
  9084 | Bailey   | Noticed a smoke demon
  9093 | Bailey   | Killed a kobold demonologist
  9100 | Bailey   | Killed an orc sorcerer
  9101 | Bailey   | Reached skill level 10 in Maces & Flails
  9381 | Bailey   | Reached *** piety under Okawaru
 10046 | D:9      | Noticed a two-headed ogre
 10053 | D:9      | Killed a two-headed ogre
 10054 | D:9      | Reached skill level 10 in Fighting
 10054 | D:9      | Reached XP level 11. HP: 29/72 MP: 12/12
 10706 | D:10     | Entered Level 10 of the Dungeon
 10739 | D:9      | Received a gift from Okawaru
 11012 | D:10     | Found a large runed translucent door.
 11013 | D:10     | Found a large runed translucent door.
 11045 | D:10     | Reached skill level 11 in Maces & Flails
 11064 | D:10     | Reached **** piety under Okawaru
 11229 | D:10     | Noticed a two-headed ogre
 11239 | D:10     | Killed a two-headed ogre
 11461 | D:10     | Noticed Flugkiller's ghost (journeyman DrSh)
 11496 | D:10     | Found a burning altar of Makhleb.
 12102 | D:10     | Killed Flugkiller's ghost
 12293 | D:11     | Reached skill level 1 in Invocations
 12464 | D:11     | Noticed a skeletal warrior
 12467 | D:11     | Noticed a skeletal warrior
 12690 | D:10     | Acquired a +2 eveningstar of holy wrath
 12692 | D:10     | Acquired the ring "Reebliot" {Fly Will+ Str+3}
 12753 | D:11     | Noticed a centaur warrior
 12754 | D:11     | Found a staircase to the Orcish Mines.
 12764 | D:11     | Killed a centaur warrior
 12765 | D:11     | Reached XP level 12. HP: 71/79 MP: 15/15
 12930 | D:11     | Reached skill level 12 in Maces & Flails
 13079 | D:11     | Found a staircase to the Lair.
 13105 | D:11     | HP: 2/80 [skeletal warrior/+1 glaive of protection (14)]
 13677 | D:11     | Found a hazy altar of Hepliaklqana.
 13812 | D:12     | Found a gate leading to a gauntlet.
 13874 | D:12     | Reached skill level 10 in Shields
 13888 | Gauntlet | Entered a Gauntlet
 13888 | Gauntlet | Found a large runed translucent door.
 13888 | Gauntlet | Found a large runed translucent door.
 13888 | Gauntlet | Found a large runed translucent door.
 13888 | Gauntlet | Found a transporter.
 13888 | Gauntlet | Found a large runed translucent door.
 13888 | Gauntlet | Found a runed translucent door.
 13888 | Gauntlet | Found a large runed translucent door.
 13888 | Gauntlet | Found a large runed translucent door.
 13888 | Gauntlet | Found a large runed translucent door.
 13888 | Gauntlet | Found a large runed translucent door.
 13888 | Gauntlet | Found a runed translucent gate.
 13888 | Gauntlet | Found a runed translucent gate.
 13888 | Gauntlet | Found a transporter.
 13888 | Gauntlet | Found a transporter.
 14041 | Gauntlet | Found a runed translucent door.
 14042 | Gauntlet | Found a large runed translucent door.
 14042 | Gauntlet | Found a large runed translucent door.
 14042 | Gauntlet | Found a large runed translucent door.
 14042 | Gauntlet | Found a large runed translucent door.
 14043 | Gauntlet | Found a large runed translucent door.
 14043 | Gauntlet | Found a large runed translucent door.
 14044 | Gauntlet | Found a large runed translucent door.
 14044 | Gauntlet | Found a large runed translucent door.
 14054 | Gauntlet | Found a runed translucent gate.
 14059 | Gauntlet | Found a transporter.
 14069 | Gauntlet | Found a transporter.
 14072 | Gauntlet | Found a transporter.
 14084 | Gauntlet | Found a transporter.
 14105 | Gauntlet | Found a transporter.
 14112 | Gauntlet | Found a transporter.
 14114 | Gauntlet | Found a transporter.
 14125 | Gauntlet | Found a transporter.
 14125 | Gauntlet | Found a transporter.
 14290 | Gauntlet | Gained mutation: You are clumsy. (Dex -2) [a shining eye]
 14297 | Gauntlet | Reached skill level 10 in Armour
 14514 | Gauntlet | Identified the +8 short sword of Ubiquitous Defence
                  | {freeze, Fly MP-9 Int+2 Dex+3}
 14515 | Gauntlet | Identified the ring "Kaylot" {rElec rPois Will+ Int+6}
 14666 | Gauntlet | Identified the +7 glaive of Defence {freeze, rF+++ Will-
                  | Str+5}
 14666 | Gauntlet | Noticed a minotaur
 14675 | Gauntlet | Killed a minotaur
 14859 | D:12     | Reached skill level 13 in Maces & Flails
 15114 | D:12     | Lost mutation: You are clumsy. (Dex -2) [potion of
                  | mutation]
 15114 | D:12     | Lost mutation: You have an increased reservoir of magic.
                  | (+10% MP) [potion of mutation]
 15114 | D:12     | Gained mutation: You are strong-willed. (Will+) [potion of
                  | mutation]
 15114 | D:12     | Gained mutation: You occasionally lose the ability to read
                  | scrolls when taking damage. [potion of mutation]
 15114 | D:12     | Gained mutation: Your mind is acute. (Int +4, Str/Dex -1)
                  | [potion of mutation]
 15114 | D:12     | Gained mutation: Your muscles are strong. (Str +4, Int/Dex
                  | -1) [potion of mutation]
 15178 | D:12     | Reached ***** piety under Okawaru
 15279 | D:12     | Noticed a two-headed ogre
 15284 | D:12     | Killed a two-headed ogre
 15285 | D:12     | Reached XP level 13. HP: 85/85 MP: 15/15
 15625 | D:13     | Noticed Snorg
 15638 | D:13     | Killed Snorg
 15651 | D:13     | Received a gift from Okawaru
 16216 | D:14     | Reached skill level 14 in Maces & Flails
 16565 | D:14     | Noticed a great orb of eyes
 16572 | D:14     | Killed a great orb of eyes
 16733 | D:14     | Noticed a vault guard
 16755 | D:14     | Noticed a vault guard
 16757 | D:14     | Noticed a vault guard
 16757 | D:14     | Noticed a vault guard
 17042 | Lair:1   | Entered Level 1 of the Lair of Beasts
 17058 | D:11     | Mangled by a death yak

Illustrated notes

Levels and vault maps discovered:
D:1:      dpeg_arrival_prison, layout_rooms, serial_shops,
          nicolae_shop_industrial_runoff
D:2:      layout_basic, minmay_tall_x
D:3:      minmay_wonky_spiral, layout_loops_ring, ebering_ecumenical_altar_webs,
          serial_shops, shop, uniq_terence
D:4:      layout_loops_ring, nicolae_ossuary_entry_false_entrances, uniq_robin
D:5:      layout_layer_cave, chequers_hall_statues_wall_a, uniq_grinder
D:6:      layout_rooms, minmay_temple_entry_arrows, serial_shops,
          nicolae_shop_waterfront, serial_park_tiny_2
D:7:      layout_layer_cave, serial_rivers, chequers_serial_rivers_room_a,
          chequers_serial_rivers_large_a, chequers_serial_rivers_micro_a,
          chequers_serial_rivers_micro_c, chequers_serial_rivers_small_3,
          chequers_serial_rivers_room_b
D:8:      layout_gridville, mainiacjoe_overflow_24_doors,
          chequers_serial_rivers_micro_e, small_statue_intersection
D:9:      layout_roguey, enter_bailey_4, kennysheep_small_circle
D:10:     layout_basic, lightli_temple_of_fire, ebering_ghost_disaster_area,
          kennysheep_pointless_box
D:11:     layout_loops_ring, grunt_lair_entry_orc_guard_hut, orc_0_dummy,
          nicolae_hepliaklqana_monster_ancestors
D:12:     layout_basic, gauntlet_entry_generic
D:13:     layout_rooms, uniq_snorg
D:14:     layout_roguey, grunt_vaults_entry_fortified
Temple:   mainiacjoe_temple_cubbyholes
Lair:1:   layout_regular_city, chequers_serial_rivers_small_a,
          serial_bayou_shore_a, uniq_urug, uniq_erica

Skill      XL: |  1  2  3  4  5  6  7  8  9 10 11 12 13 |
---------------+----------------------------------------+-----
Fighting       | 4 5 6 7 8 10 11 12 | 12.5
Maces & Flails | 3 4 5 7 8 10 11 13 14 | 14.3
Armour         | 4 5 6 8 9 10 11 | 11.3
Shields        | 4 5 7 8 9 10 11 | 11.3
Invocations    | 2 |  2.9

Action                     |  1- 3 |  4- 6 |  7- 9 | 10-12 | 13-15 || total
---------------------------+-------+-------+-------+-------+-------++-------
  Melee: Flail             |   113 |   164 |   505 |   497 |       ||  1279
         Eveningstar       |       |       |       |   246 |    98 ||   344
 Invoke: Heroism           |       |       |       |    17 |     4 ||    21
    Use: Scroll            |     4 |     3 |     9 |    16 |     2 ||    34
         Potion            |       |     1 |     1 |     7 |     1 ||    10
   Stab: Invisible         |       |       |       |     2 |       ||     2
         Distracted        |       |       |       |     1 |       ||     1
 Armour: Scale mail        |     9 |       |       |       |       ||     9
         Chain mail        |    68 |   116 |   202 |       |       ||   386
         Ring mail         |       |       |   124 |   304 |       ||   428
         Fire dragon scale |       |       |       |    40 |    90 ||   130
  Dodge: Dodged            |    51 |    56 |   240 |   258 |    44 ||   649
  Block: Buckler           |    28 |    55 |   146 |   211 |    36 ||   476

Table legend: (Time is in decaauts)
 A = Elapsed time spent in this place.
 B = Non-inter-level travel time spent in this place.
 C = Inter-level travel time spent in this place.
 D = Time resting spent in this place.
 E = Time spent auto-exploring this place.
 F = Levels seen in this place.
 G = Mean time per level.
                   A        B        C        D        E       F      G
               +--------+--------+--------+--------+--------+-----+--------+
         Total |  17096 |  16499 |    597 |   2124 |  11303 |  19 |  899.8 |
       Dungeon |  14470 |  13936 |    534 |   1362 |  10297 |  14 | 1033.6 |
        Temple |     64 |      1 |     63 |      0 |      0 |   1 |   64.0 |
          Lair |      5 |      5 |      0 |      0 |      0 |   1 |    5.0 |
       Ossuary |    312 |    312 |      0 |      0 |    167 |   1 |  312.0 |
        Bailey |   1347 |   1347 |      0 |    614 |    506 |   1 | 1347.0 |
      Gauntlet |    895 |    895 |      0 |    148 |    332 |   1 |  895.0 |
               +--------+--------+--------+--------+--------+-----+--------+

Top non-repeatable levels by time:
     D:5: 1846 daAuts
    D:10: 1524 daAuts
  Bailey: 1347 daAuts
    D:11: 1301 daAuts
     D:7: 1274 daAuts
     D:8: 1221 daAuts
     D:9: 1138 daAuts
     D:3: 1062 daAuts
     D:4: 920 daAuts
Gauntlet: 895 daAuts
    D:14: 837 daAuts
    D:12: 812 daAuts
     D:6: 675 daAuts
     D:1: 670 daAuts
    D:13: 660 daAuts
